 Dungeon Crawl Stone Soup version 0.30.1-11-g7821555f0a (webtiles) character file.

Game seed: 7839133961830041061

8013 HOAXBANE the Slicer (level 11, -2/81 HPs)
             Began as a Human Artificer on Nov 22, 2023.
             Was an Initiate of Gozag.
             Slain by a komodo dragon (11 damage)
             ... on level 10 of the Dungeon.
             The game lasted 01:40:04 (14698 turns).

HOAXBANE the Slicer (Human Artificer)              Turns: 14698, Time: 01:40:05

Health: -2/81      AC: 15    Str: 12    XL:     11   Next: 47%
Magic:  17/17      EV: 10    Int: 15    God:    Gozag
Gold:   793        SH:  0    Dex: 15    Spells: 15/18 levels left

rFire   . . .        c - +2 rapier (speed)
rCold   . . .        (no shield)
rNeg    . . .        K - +2 scale mail of Eternity {Will++}
rPois   +            l - +2 helmet
rElec   .            F - +1 cloak
rCorr   .            (no gloves)
SInv    .            (no boots)
Will    ++...        (no amulet) Stlth
                     h - ring of wizardry
HPRegen 0.33/turn    s - ring of poison resistance
MPRegen 0.15/turn

%: wizardry (x1)
@: no status effects
A: no striking features
a: Renounce Religion, Potion Petition, Call Merchant, Bribe Branch


You were on level 10 of the Dungeon.
You worshipped Gozag.
Gozag was pleased with you.
You visited 1 branch of the dungeon, and saw 11 of its levels.

You collected 1660 gold pieces.
You spent 468 gold pieces at shops.
You paid 399 gold pieces to Gozag.

Inventory:

Hand Weapons
 c - a +2 rapier of speed (weapon)
 x - a +2 dagger of venom
 G - a +2 quarterstaff of chaos
 J - a +3 shortbow
Missiles
 j - 18 poisoned darts (quivered)
 v - 4 atropa-tipped darts
Armour
 l - a +2 helmet (worn)
 o - a +0 robe
 F - a +1 cloak (worn)
 K - the +2 scale mail of Eternity (worn) {Will++}
   (You bought it in a shop on level 7 of the Dungeon)

   Will:      It greatly increases your willpower.
Jewellery
 h - a ring of wizardry (left hand)
 i - a ring of flight
 m - a ring of fire
 q - a ring of magical power
 s - a ring of poison resistance (right hand)
 w - a +6 ring of strength
 E - a ring of wizardry
Wands
 b - a wand of flame (4)
 d - a wand of charming (3)
 e - a wand of iceblast (1)
 p - a wand of polymorph (8)
 y - a wand of paralysis (4)
Scrolls
 g - a scroll of immolation
 A - a scroll of fear
 C - a scroll of brand weapon {unknown}
 I - 2 scrolls of amnesia
Potions
 a - a potion of berserk rage
 f - 3 potions of curing
 k - 2 potions of magic
 n - 2 potions of heal wounds
 r - a potion of lignification
 t - 4 potions of attraction
 u - 2 potions of haste


   Skills:
 - Level 6.0 Fighting
 + Level 9.0 Short Blades
 - Level 7.0 Armour
 - Level 4.0 Dodging
 - Level 1.0 Stealth
 - Level 4.0 Spellcasting
 - Level 6.0 Hexes
 - Level 8.0 Evocations


You had 15 spell levels left.
You knew the following spells:

 Your Spells              Type           Power      Damage    Failure   Level
a - Tukima's Dance        Hex            21%        N/A       8%          3

Your spell library contained the following spells:

 Spells                   Type           Power      Damage    Failure   Level
 Portal Projectile        Hex/Tloc       24%        N/A       26%         3
 Manifold Assault         Tloc           3%         N/A       95%         4
 Blade Hands              Tmut           1%         N/A       100%        5
 Dispersal                Tloc           1%         N/A       100%        6
 Disjunction              Tloc           1%         N/A       100%        8


Dungeon Overview and Level Annotations

Branches:
Dungeon (11/15)            Temple (0/1) D:6
   Lair: D:8-11         Orc: D:9-12

Altars:
Ashenzari
Elyvilon
Gozag
Kikubaaqudgha
Okawaru
Ru
Trog
Yredelemnul

Shops:
D:7 *

Annotations:
D:9 1 transporter


Message History

The komodo dragon barely misses you.
You hit the komodo dragon.
The komodo dragon is moderately wounded.
You hit the komodo dragon.
The komodo dragon is heavily wounded.
The komodo dragon bites you but does no damage.
Press: ? - help, v - describe, . - travel
Here: a komodo dragon (heavily wounded, poisoned)
The floor.
Unknown command.
You hit the komodo dragon.
The komodo dragon is heavily wounded.
You hit the komodo dragon.
The komodo dragon is heavily wounded.
The komodo dragon bites you!!
You hit the komodo dragon but do no damage.
The komodo dragon is heavily wounded.
You barely miss the komodo dragon.
The komodo dragon is heavily wounded.
The komodo dragon bites you.
* * * LOW HITPOINT WARNING * * *
Unknown command.
You hit the komodo dragon.
The komodo dragon is severely wounded.
You barely miss the komodo dragon.
The komodo dragon is severely wounded.
The komodo dragon bites you!
* * * LOW HITPOINT WARNING * * *
You hit the komodo dragon but do no damage.
The komodo dragon is severely wounded.
You closely miss the komodo dragon.
The komodo dragon is severely wounded.
The komodo dragon closely misses you.
You hit the komodo dragon.
The komodo dragon is severely wounded.
You puncture the komodo dragon!
The komodo dragon is almost dead.
The komodo dragon bites you!
You die...
Your body crumbles into a pile of gold.

## ...#. .#. #)
..... .. #. ..
#..?###.. #
.#####.#.......
#..... .#....
#...... ......
....# #....# $
#.. ..#[.#
....# #..$#####
#..## ####(.#
....#
#..#.@#$.#..#.
#).#).# ....#
#...l.# .....
#...... ....#
#..(.##
....###....(
....# ##(....
##.......###
##.## .........
#.........#.
#.[.#
#(###...#..#
#...# #. <.o.#
#( ##..# ###
#...#####
#........ ( ..#
#$.#..W#.$#.
#.......... ...
#.........#.


You could see a komodo dragon (poisoned).

Vanquished Creatures
  A boulder beetle (D:10)
  Pikel (D:6)
  A deep elf pyromancer (D:10)
  2 manticores
  A yaktaur (D:10)
  A troll (D:10)
  Grinder (D:3)
  A vampire (D:9)
  3 wraiths
  4 steam dragons
  A yak (D:9)
  A vampire mosquito (D:10)
  Menkaure (D:4)
  2 acid dragons
  An ice beast (D:5)
  Duvessa (D:4)
  3 black bears
  3 orc warriors
  A centaur (D:7)
  A kobold brigand (D:8)
  A lemure (D:5)
  A phantom (D:3)
  2 bullfrogs (D:9)
  A gnoll sergeant (D:9)
  6 wights (D:6)
  Dowan (D:4)
  6 killer bees
  7 howler monkeys
  3 hounds (D:5)
  A jelly (D:4)
  A gnoll bouda (D:7)
  3 orc priests
  Crazy Yiuf (D:6)
  2 sleepcaps
  Ijyb (D:4)
  Terence (D:2)
  An iguana (D:7)
  Natasha (thrice) (D:4)
  7 orc wizards
  13 gnolls
  A river rat (D:4)
  7 adders
  A shadow imp (D:7)
  A white imp (D:7)
  4 dart slugs
  14 orcs
  6 endoplasms
  3 giant cockroaches
  12 hobgoblins
  2 quokkas (D:3)
  7 ball pythons
  3 bats
  4 frilled lizards
  9 goblins
  12 kobolds
  2 rats (D:1)
181 creatures vanquished.

Vanquished Creatures (collateral kills)
  The ghost of VerbalBBQ the Shield-Bearer, an amateur FoFi of Okawaru (D:4)
  An orc warrior (D:10)
  A centaur (D:8)
  A kobold brigand (D:9)
  A wight (D:6)
  3 gnolls
  An orc (D:10)
  3 kobolds
12 creatures vanquished.

Vanquished Creatures (others)
  15 dancing weapons
  A gnoll (D:7)
16 creatures vanquished.

Grand Total: 209 creatures vanquished

Notes
Turn   | Place    | Note
-------+----------+-------------------------------------------
     0 | D:1      | HOAXBANE the Human Artificer began the quest for the Orb.
     0 | D:1      | Reached XP level 1. HP: 15/15 MP: 1/1
    88 | D:1      | Reached XP level 2. HP: 11/21 MP: 2/2
   300 | D:1      | You fall into a shaft and drop 1 floor!
   395 | D:2      | Reached XP level 3. HP: 27/27 MP: 3/3
  1217 | D:2      | Noticed Terence
  1286 | D:2      | Killed Terence
  1287 | D:2      | Reached XP level 4. HP: 33/33 MP: 4/4
  1676 | D:2      | Reached XP level 5. HP: 27/39 MP: 5/5
  1845 | D:3      | Noticed Grinder
  1845 | D:3      | Paralysed by Grinder for 3 turns
  1873 | D:3      | Killed Grinder
  1874 | D:3      | Reached skill level 5 in Fighting
  1874 | D:3      | Reached XP level 6. HP: 42/51 MP: 6/6
  2088 | D:3      | Found an opulent altar of Gozag.
  2095 | D:3      | Became a worshipper of Gozag Ym Sagoz the Greedy
  2385 | D:3      | Reached skill level 1 in Spellcasting
  2385 | D:3      | Reached XP level 7. HP: 32/56 MP: 6/8
  2621 | D:4      | Noticed Natasha
  2632 | D:4      | Killed Natasha
  2802 | D:4      | Noticed Duvessa
  2803 | D:4      | Noticed Dowan
  2819 | D:4      | Your ally Dowan died
  2821 | D:4      | Killed Duvessa
  3051 | D:4      | Reached skill level 1 in Short Blades
  3118 | D:4      | Noticed Natasha
  3137 | D:4      | Killed Natasha
  3138 | D:4      | Reached skill level 2 in Short Blades
  3305 | D:4      | Found a basalt altar of Yredelemnul.
  3348 | D:4      | Noticed Menkaure
  3433 | D:4      | Noticed Ijyb
  3530 | D:4      | Found a runed translucent door.
  3533 | D:4      | Noticed VerbalBBQ's ghost (amateur FoFi)
  3687 | D:4      | Killed Menkaure
  3688 | D:4      | Reached skill level 3 in Short Blades
  3688 | D:4      | Reached XP level 8. HP: 52/64 MP: 11/11
  3888 | D:4      | Killed Ijyb
  3889 | D:4      | Reached skill level 4 in Short Blades
  4041 | D:4      | Found a white marble altar of Elyvilon.
  4201 | D:4      | Found a runed translucent door.
  4441 | D:4      | Killed VerbalBBQ's ghost
  4598 | D:5      | Entered Level 5 of the Dungeon
  5523 | D:5      | Found a broken altar of Ashenzari.
  5599 | D:4      | Noticed Natasha
  5609 | D:4      | Killed Natasha
  6020 | D:6      | Found a staircase to the Ecumenical Temple.
  6113 | D:6      | Identified the +2 robe of the Flute {Drain rN+ Dex+3}
  6160 | D:6      | Learned a level 3 spell: Tukima's Dance
  6362 | D:6      | Reached skill level 1 in Hexes
  6362 | D:6      | Reached XP level 9. HP: 33/69 MP: 15/15
  6649 | D:6      | Noticed Pikel
  6941 | D:6      | Killed Pikel
  6942 | D:6      | Reached skill level 6 in Short Blades
  7280 | D:6      | Found a runed translucent door.
  7281 | D:6      | Noticed Crazy Yiuf
  7296 | D:6      | Killed Crazy Yiuf
  8308 | D:6      | Reached skill level 5 in Armour
  8666 | D:6      | Reached skill level 7 in Short Blades
  9005 | D:7      | Reached XP level 10. HP: 47/74 MP: 16/16
  9231 | D:7      | Found a sacrificial altar of Ru.
  9238 | D:7      | Found Seorhi's General Store.
  9243 | D:7      | Bought a potion of degeneration for 12 gold pieces
  9243 | D:7      | Bought a potion of curing for 36 gold pieces
  9243 | D:7      | Bought the +2 scale mail of Eternity {Will++} for 420 gold
                  | pieces
  9458 | D:8      | Reached skill level 5 in Hexes
 10894 | D:9      | Found a transporter.
 10900 | D:9      | Found a transporter.
 10925 | D:9      | Found a transporter.
 11274 | D:9      | Found an iron altar of Okawaru.
 11359 | D:9      | Found a transporter.
 11680 | D:9      | Found an ancient bone altar of Kikubaaqudgha.
 11684 | D:9      | Found a bloodstained altar of Trog.
 11765 | D:9      | Noticed a tengu warrior
 11767 | D:9      | Noticed a tengu warrior
 11917 | D:10     | Entered Level 10 of the Dungeon
 11973 | D:10     | Noticed a boulder beetle
 12009 | D:10     | Killed a boulder beetle
 12010 | D:10     | Reached skill level 5 in Evocations
 12279 | D:10     | Noticed an elephant
 12428 | D:10     | Noticed a komodo dragon
 12793 | D:10     | Noticed an orc knight
 13339 | D:9      | Reached XP level 11. HP: 50/81 MP: 17/17
 13537 | D:9      | HP: 5/121 [something (10)]
 14195 | D:10     | Noticed a deep elf pyromancer
 14343 | D:10     | an orc knight changed into a yaktaur
 14418 | D:10     | Noticed a centaur warrior
 14471 | D:11     | Noticed a manticore
 14487 | D:11     | Killed a manticore
 14488 | D:11     | Reached skill level 8 in Short Blades
 14615 | D:10     | Killed a deep elf pyromancer
 14616 | D:10     | Noticed a two-headed ogre
 14634 | D:10     | Noticed a manticore
 14634 | D:10     | Noticed a rakshasa
 14651 | D:10     | Killed a manticore
 14652 | D:10     | Reached skill level 9 in Short Blades
 14698 | D:10     | Slain by a komodo dragon

Illustrated notes

Levels and vault maps discovered:
D:1:      dpeg_arrival_court, layout_basic
D:2:      layout_rooms, kennysheep_decorative_pillar, chequers_jeans,
          uniq_terence
D:3:      layout_loops_ring, mainiacjoe_overflow_boulevard, uniq_grinder
D:4:      layout_basic, kennysheep_ying_yang, ebering_ghost_sewer_f,
          uniq_natasha, uniq_duvessa, uniq_ijyb, uniq_menkaure
D:5:      layout_cave_pods, ashenzari_altar_1, minmay_misc_feat_five
D:6:      layout_loops_ring, temple_fountains, kennysheep_generic_room_14,
          uniq_crazy_yiuf_cottage, uniq_pikel
D:7:      layout_rooms, kennysheep_little_box, serial_shops,
          kennysheep_mini_moat
D:8:      layout_basic, serial_bayou_pond_a
D:9:      layout_irregular_city, minitemple, okawaru_metal_pillars_3,
          hangedman_decor_push, nicolae_transporter_intersection
D:10:     hangedman_cross_cluster, layout_basic
D:11:     layout_rooms, dpeg_oklobed_lair, onia_ninara_cookie

Skill      XL: |  1  2  3  4  5  6  7  8  9 10 11 |
---------------+----------------------------------+-----
Fighting       | 2 5 6 |  6.0
Armour         | 3 4 5 7 |  7.0
Evocations     | 4 6 8 |  8.0
Spellcasting   | 1 2 4 |  4.0
Short Blades   | 3 4 7 9 |  9.0
Dodging        | 3 4 |  4.0
Hexes          | 1 4 6 |  6.0
Stealth        | |  1.0

Action                     |  1- 3 |  4- 6 |  7- 9 | 10-12 || total
---------------------------+-------+-------+-------+-------++-------
  Melee: Short sword       |    23 |       |       |       ||    23
         Flail             |    80 |    72 |    14 |       ||   166
         Punch             |       |     2 |    11 |    13 ||    26
         Rapier            |       |       |   503 |   540 ||  1043
  Throw: Dart              |       |       |    49 |    26 ||    75
         Throwing net      |       |       |       |     1 ||     1
   Cast: Tukima's Dance    |       |       |    18 |    34 ||    52
 Invoke: Potion Petition   |       |       |       |     1 ||     1
  Evoke: Wand              |     4 |    13 |    13 |    34 ||    64
    Use: Scroll            |       |     4 |     8 |     9 ||    21
         Potion            |       |       |     5 |     4 ||     9
   Stab: Sleeping          |     1 |       |       |       ||     1
         Invisible         |       |       |     1 |       ||     1
         Distracted        |       |       |       |     2 ||     2
         Paralysed         |       |       |       |     2 ||     2
 Armour: Leather armour    |    45 |       |       |       ||    45
         Scale mail        |       |    34 |   131 |   150 ||   315
         Robe              |       |       |     5 |       ||     5
  Dodge: Dodged            |    68 |    43 |   164 |   179 ||   454
